 Dungeon Crawl Stone Soup version 0.27-a0-773-gaaee5cf45b (webtiles) character file.

Game seed: 8049661051298059194

141 stormannn the Ducker (level 5, -2/38 HPs)
             Began as a Djinni Fire Elementalist on Mar 25, 2021.
             Slain by a water moccasin zombie (6 damage)
             ... on level 5 of the Dungeon.
             The game lasted 00:06:58 (4643 turns).

stormannn the Ducker (Djinni Fire Elementalist)     Turns: 4643, Time: 00:06:58

Health: -2/38      AC:  2    Str:  7    XL:     5   Next: 24%
Gold:   84         EV: 13    Int: 17    God:
                   SH:  0    Dex: 14

rFire    + + +     SeeInvis .   b - staff of fire
rCold    x . .     Faith    .   (no shield)
rNeg     . . .     Spirit   .   a - +0 robe
rPois    ∞         Reflect  .   (no helmet)
rElec    .         Harm     .   (no cloak)
rCorr    .         Rampage  .   (no gloves)
Will     .....                  (boots unavailable)
Stlth    ++........             (no amulet)
HPRegen  0.12/turn              (no ring)
MPRegen  0.00/turn              (no ring)

@: flying
A: fire resistance 2, cold vulnerability 1, float, innate caster, hp casting,
extra vitality 1
a: no special abilities


You were on level 5 of the Dungeon.
You visited 1 branch of the dungeon, and saw 4 of its levels.
You also visited: Ossuary.

You collected 84 gold pieces.

Inventory:

Armour
 a - a +0 robe (worn)
Magical Staves
 b - a staff of fire (weapon)
 k - a staff of earth
Jewellery
 c - an amulet of regeneration
Scrolls
 d - 3 scrolls of amnesia {unknown}
 f - a scroll of fog {unknown}
 h - 2 scrolls of teleportation {unknown}
 j - a scroll of torment {unknown}
 l - 3 scrolls of noise {unknown}
Potions
 e - a potion of degeneration {unknown}
 g - a potion of berserk rage {unknown}
 i - a potion of brilliance {unknown}
 m - a potion of lignification {unknown}


   Skills:
 + Level 1.8 Fighting
 * Level 4.0 Dodging
 - Level 1.5 Stealth
 * Level 3.7 Spellcasting


You couldn't memorise any spells.
You knew the following spells:

 Your Spells              Type           Power      Damage    Failure   Level
a - Foxfire               Conj/Fire      92%        2x1d8     3%          1
b - Conjure Flame         Conj/Fire      23%        6-21      11%         3
c - Inner Flame           Hex/Fire       23%        N/A       11%         3
d - Sticky Flame          Conj/Fire      23%        2d4       34%         4
e - Fireball              Conj/Fire      11%        3d7       69%         5
f - Shock                 Conj/Air       60%        1d6       3%          1
g - Poisonous Vapours     Pois/Air       30%        N/A       5%          2
Your spell library was empty.

Dungeon Overview and Level Annotations

Branches:
Dungeon (3/15)            Ossuary (visited)

Altars:
Ru
Zin


Innate Abilities, Weirdness & Mutations

You are immune to poison.
Your flesh is very heat resistant. (rF++)
You are vulnerable to cold. (rC-)
You float through the air rather than walking.
You learn spells naturally, not from books.
Your magical power is your life essence.
You have superior vitality. (+4 HP)


Message History

The water moccasin zombie misses you.
The foxfire hits the water moccasin zombie.
The water moccasin zombie is lightly damaged.
The foxfire hits the water moccasin zombie.
The water moccasin zombie is lightly damaged.
Found a stone staircase leading down.
Casting: Foxfire (safe; 3% risk of failure)
Confirm with . or Enter, or press ? or * to list all spells.
You feel a surge of power!
You conjure some foxfire!
The water moccasin zombie misses you.
The foxfire hits the water moccasin zombie.
The water moccasin zombie is lightly damaged.
The foxfire hits the water moccasin zombie.
The water moccasin zombie is moderately damaged.
Casting: Foxfire (safe; 3% risk of failure)
Confirm with . or Enter, or press ? or * to list all spells.
You feel a surge of power!
You conjure some foxfire!
* * * LOW HITPOINT WARNING * * *
The water moccasin zombie bites you.
* * * LOW HITPOINT WARNING * * *
The water moccasin zombie completely misses you.
The foxfire hits the water moccasin zombie.
The water moccasin zombie is moderately damaged.
The foxfire hits the water moccasin zombie.
The water moccasin zombie is moderately damaged.
Casting: Foxfire (safe; 3% risk of failure)
Confirm with . or Enter, or press ? or * to list all spells.
You feel a surge of power!
You conjure some foxfire!
* * * LOW HITPOINT WARNING * * *
The water moccasin zombie closely misses you.
The foxfire hits the water moccasin zombie.
The water moccasin zombie is heavily damaged.
The foxfire hits the water moccasin zombie!
The water moccasin zombie is severely damaged.
Casting: Foxfire (safe; 3% risk of failure)
Confirm with . or Enter, or press ? or * to list all spells.
You feel a surge of power!
You conjure some foxfire!
* * * LOW HITPOINT WARNING * * *
The water moccasin zombie bites you.
You die...

## .# ##[### #
#.... #. #v.##
###.#####@..#
........vZ..#
#...#.....#
#......#.##
###........#####
................
####.##..#.#....
#.......#.#.#
###...#...# #


You could see a water moccasin zombie (ally target).

Vanquished Creatures
  4 adders (D:2)
  4 gnolls (D:3)
  2 worms
  3 endoplasms (D:1)
  3 giant cockroaches
  3 goblins
  3 hobgoblins
  7 jackals (D:2)
  4 kobolds
  3 quokkas (D:1)
  5 ball pythons
  6 bats
  A frilled lizard (D:1)
  A goblin zombie (Ossuary)
  A hobgoblin zombie (Ossuary)
  2 jackal zombies (Ossuary)
  7 rats
59 creatures vanquished.

Vanquished Creatures (others)
  211 foxfires
211 creatures vanquished.

Grand Total: 270 creatures vanquished

Notes
Turn   | Place    | Note
-------+----------+-------------------------------------------
     0 | D:1      | stormannn the Djinni Fire Elementalist began the quest for
                  | the Orb.
     0 | D:1      | Reached XP level 1. HP: 15/15 MP: 0/0
   588 | D:1      | Reached XP level 2. HP: 19/22 MP: 0/0
  1669 | D:1      | Reached XP level 3. HP: 25/26 MP: 0/0
  1669 | D:1      | Learned a level 1 spell: Shock
  1881 | D:2      | Reached skill level 3 in Dodging
  1883 | D:2      | Reached skill level 1 in Fighting
  2267 | D:2      | Found a sacrificial altar of Ru.
  2397 | D:2      | Found a glowing silver altar of Zin.
  2731 | D:2      | Reached XP level 4. HP: 30/32 MP: 0/0
  2987 | D:2      | Found a faded altar of an unknown god.
  4399 | D:3      | Reached XP level 5. HP: 36/38 MP: 0/0
  4399 | D:3      | Learned a level 2 spell: Poisonous Vapours
  4413 | D:3      | Reached skill level 4 in Dodging
  4593 | D:3      | You are sucked into a shaft and drop 2 floors!
  4593 | D:5      | Entered Level 5 of the Dungeon
  4593 | D:5      | Found a sand-covered staircase.
  4598 | Ossuary  | Entered an ossuary
  4643 | D:5      | Slain by a water moccasin zombie

Illustrated notes

Levels and vault maps discovered:
D:1:      nzn_arrival_settlement, layout_loops_corners
D:2:      layout_basic, lemuel_doored_altar, nicolae_ru_the_path_less_chosen,
          chequers_ecumenical_altar_grove, corexii_corridor_pit,
          kennysheep_generic_room_9
D:3:      minmay_razor_zed, layout_loops_cross, nicolae_sif_muna_little_library
D:5:      layout_loops_ring, nicolae_ossuary_entry_ruins

Skill      XL: |  1  2  3  4  5 |
---------------+----------------+-----
Spellcasting   | 3 |  3.7
Dodging        | 3 4 |  4.0
Fighting       | 1 |  1.8
Stealth        | |  1.5

Action                   |  1- 3 |  4- 6 || total
-------------------------+-------+-------++-------
Melee: Staff             |       |     5 ||     5
 Cast: Foxfire           |    72 |    67 ||   139
Armor: Robe              |     2 |     8 ||    10
Dodge: Dodged            |    14 |    36 ||    50

Table legend: (Time is in decaauts)
 A = Elapsed time spent in this place.
 B = Non-inter-level travel time spent in this place.
 C = Inter-level travel time spent in this place.
 D = Time resting spent in this place.
 E = Time spent auto-exploring this place.
 F = Levels seen in this place.
 G = Mean time per level.
                   A        B        C        D        E       F      G
               +--------+--------+--------+--------+--------+-----+--------+
         Total |   4643 |   4572 |     71 |   2078 |   2015 |   5 |  928.6 |
       Dungeon |   4608 |   4537 |     71 |   2078 |   2015 |   4 | 1152.0 |
       Ossuary |     35 |     35 |      0 |      0 |      0 |   1 |   35.0 |
               +--------+--------+--------+--------+--------+-----+--------+

Top non-repeatable levels by time:
     D:2: 2188 daAuts
     D:1: 1818 daAuts
     D:3: 587 daAuts
 Ossuary: 35 daAuts
     D:5: 14 daAuts
